Map: [ESL] Oceanborn

Players

Serral

  • Race: Zerg Zerg
  • Spawn Location: 11:00

Clem - Winner!

  • Race: Terran Terran
  • Spawn Location: 5:00

Event: ESL SC2 Masters 2023 Winter (Regional)

VOD

Have the link to the VOD?

Description

Time

  • Played on: Nov. 17, 2023, 11:36 a.m.
  • Length: 9:46

All games in this series

Show
View Real Time Build Order
Export as new Build Order

Serral Zerg 

Build Orders: Hatch First 

Get SALT Encoding   

  12  0:00  Drone  
  13  0:07  Drone  
  14  0:14  Extractor  
  14  0:15  Drone  
  15  0:36  Hatchery  
  15  0:42  Extractor, Drone  
  15  0:47  Overlord  
  15  1:02  Spawning Pool  
  14  1:06  Drone  
  14  1:08  Drone  
  16  1:13  Drone  
  16  1:17  Drone  
  18  1:27  Extractor, Drone  
  18  1:38  Drone  
  19  1:48  Queen x2  
  19  1:49  Drone  
  19  1:50  Drone  
  25  1:59  Drone, Overlord  
  26  2:10  Drone  
  26  2:11  Drone  
  28  2:20  Drone  
  28  2:21  Drone  
  30  2:24  Queen  
  30  2:27  Queen  
  34  2:31  Drone  
  34  2:34  Overlord  
  35  2:42  Drone, Overlord  
  36  2:51  Roach Warren  
  36  2:54  Drone x2  
  36  2:57  Drone x3  
  40  3:00  Drone  
  40  3:03  Drone x2  
  43  3:10  Lair  
  43  3:14  Drone  
  43  3:15  Drone  
  43  3:19  Extractor  
  44  3:22  Drone x2  
  46  3:29  Overlord  
  46  3:30  Drone x3  
  46  3:33  Extractor  
  48  3:35  Drone x2  
  48  3:38  Overlord  
  50  3:46  Roach  
  50  3:47  Roach x2  
  56  3:53  Roach  
  58  3:55  Pneumatized Carapace  
  58  3:59  Overlord  
  58  4:00  Roach  
  60  4:05  Overlord  
  60  4:08  Roach x2  
  64  4:12  Overseer  
  64  4:19  Roach x2  
  68  4:25  Overlord  
  68  4:28  Ravager  
  69  4:33  Roach x2  
  73  4:38  Overlord  
  73  4:43  Overlord  
  73  4:44  Ravager  
  74  4:48  Hatchery  
  74  4:49  Roach  
  73  4:55  Roach x2  
  73  4:57  Overlord  
  75  5:04  Roach x2  
  71  5:09  Queen  
  71  5:12  Roach  
  71  5:13  Roach x2  
  75  5:16  Overlord  
  75  5:22  Overseer  
  75  5:26  Roach x3  
  75  5:27  Spore Crawler x2  
  80  5:28  Drone x2  
  81  5:36  Queen  
  81  5:38  Ravager  
  81  5:40  Drone x3  
  81  5:41  Overlord  
  87  5:45  Queen  
  87  5:49  Drone x4  
  93  5:52  Drone  
  93  5:53  Overseer  
  92  6:00  Drone x2  
  92  6:02  Glial Reconstitution  
  92  6:07  Drone x2  
  92  6:10  Drone x5  
  97  6:13  Overlord  
  97  6:14  Ravager  
  97  6:15  Drone, Ravager  
  100  6:20  Extractor  
  100  6:23  Drone x2  
  100  6:24  Drone x2  
  103  6:35  Drone x3  
  103  6:36  Evolution Chamber  
  103  6:37  Drone  
  106  6:44  Drone x3  
  109  6:48  Drone x2  
  109  6:52  Drone x3  
  109  6:56  Drone  
  109  6:57  Drone  
  109  7:00  Evolution Chamber  
  105  7:04  Drone  
  105  7:05  Drone  
  105  7:07  Drone x3  
  106  7:09  Drone  
  106  7:13  Zerg Missile Weapons Level 1  
  106  7:14  Drone  
  103  7:17  Overseer  
  103  7:19  Drone x4  
  103  7:22  Drone  
  103  7:25  Drone x2  
  103  7:31  Drone  
  103  7:35  Extractor x2  
  102  7:37  Drone, Zerg Ground Armor Level 1  
  102  7:38  Drone  
  102  7:43  Drone  
  105  7:44  Infestation Pit  
  105  7:47  Drone x2  
  105  7:48  Drone x2  
  105  7:49  Overlord  
  105  7:50  Hatchery  
  107  7:52  Spore Crawler  
  107  7:55  Drone  
  107  8:00  Overlord  
  107  8:02  Drone  
  102  8:06  Drone  
  102  8:12  Metabolic Boost  
  103  8:13  Overlord  
  103  8:15  Roach x9  
  103  8:18  Overlord  
  121  8:23  Hive, Hydralisk Den  
  121  8:26  Roach  
  121  8:27  Roach  
  124  8:38  Roach x6  
  127  8:42  Roach x3  
  127  8:46  Roach  
  134  8:52  Ravager  
  134  8:53  Ravager x6  
  140  8:57  Roach x4  
  140  9:01  Roach x2  
  149  9:09  Roach x4  
  132  9:10  Zergling x2  
  132  9:15  Ravager x2  
  117  9:18  Zergling x10  
  120  9:25  Zergling x10  
Show
View Real Time Build Order
Export as new Build Order

Clem Terran - Winner!

Build Orders: Gas First Reaper Expand, Banshee Rush 

Get SALT Encoding   

  12  0:00  SCV  
  13  0:12  SCV  
  14  0:18  Supply Depot  
  14  0:24  SCV  
  15  0:31  Refinery  
  15  0:40  SCV  
  16  0:43  Barracks  
  16  0:52  SCV  
  17  1:04  SCV  
  18  1:16  SCV  
  19  1:30  Orbital Command, Reaper  
  20  1:41  Command Center  
  20  1:54  Factory  
  20  1:57  SCV  
  21  2:05  Supply Depot  
  21  2:08  Barracks Reactor  
  21  2:11  SCV  
  22  2:19  Refinery  
  22  2:23  SCV  
  23  2:35  SCV  
  24  2:46  Starport  
  24  2:47  SCV  
  24  2:48  Hellion x2  
  29  2:54  Orbital Command  
  29  3:00  SCV  
  30  3:10  Cyclone  
  30  3:12  SCV  
  33  3:13  Cyclone  
  33  3:18  Barracks Tech Lab  
  35  3:20  SCV  
  35  3:24  Supply Depot  
  35  3:25  SCV  
  37  3:33  SCV  
  38  3:37  SCV  
  39  3:44  Banshee  
  39  3:45  Cloaking Field, SCV  
  42  3:49  Hellion  
  42  3:50  Hellion  
  42  3:53  Supply Depot  
  42  3:54  SCV  
  47  3:55  Barracks Tech Lab  
  47  3:58  SCV  
  48  4:06  SCV  
  49  4:10  SCV  
  50  4:18  Command Center  
  50  4:21  Marine  
  50  4:22  SCV  
  52  4:27  Banshee  
  52  4:28  SCV  
  56  4:32  Supply Depot  
  56  4:34  SCV  
  57  4:39  Barracks  
  57  4:40  Factory Tech Lab, SCV  
  57  4:41  Marine  
  59  4:46  SCV  
  59  4:47  Supply Depot  
  60  4:53  SCV  
  60  4:56  Barracks  
  60  4:58  SCV  
  60  4:59  Marine  
  63  5:05  SCV  
  64  5:08  Siege Tank  
  64  5:10  SCV, Refinery  
  64  5:11  Supply Depot, Refinery  
  68  5:16  Bunker  
  68  5:17  Banshee, Marine, SCV  
  73  5:22  Stimpack  
  73  5:23  SCV  
  74  5:29  SCV  
  74  5:32  Orbital Command  
  74  5:35  SCV, Marine  
  77  5:42  Siege Tank, Engineering Bay  
  80  5:43  SCV, Engineering Bay  
  80  5:45  Marine  
  80  5:46  Marine  
  80  5:49  Marine  
  84  5:51  SCV  
  84  5:53  Marine  
  84  5:55  Supply Depot  
  84  5:56  SCV  
  87  5:59  SCV  
  87  6:03  SCV, Marine  
  90  6:04  Marine  
  90  6:06  Supply Depot  
  90  6:08  SCV  
  90  6:10  Orbital Command  
  93  6:12  Barracks Reactor  
  93  6:16  Supply Depot  
  93  6:17  Terran Infantry Weapons Level 1, Terran Infantry Armor Level 1, SCV  
  90  6:19  Starport Reactor  
  90  6:20  Siege Tank  
  90  6:21  Marine  
  90  6:22  Marine  
  90  6:23  Marine  
  96  6:28  SCV  
  96  6:29  Supply Depot  
  98  6:32  SCV  
  98  6:35  Orbital Command  
  98  6:39  Marine  
  100  6:40  Marine  
  100  6:41  SCV  
  101  6:49  Marine x2  
  101  6:50  Barracks, Marine  
  101  6:51  Barracks  
  104  6:54  Siege Tank  
  104  6:55  SCV  
  104  6:56  Marine  
  104  6:58  Medivac x2  
  104  6:59  SCV  
  114  7:02  Marine  
  114  7:05  SCV  
  114  7:07  SCV, Marine x2  
  117  7:09  Marine  
  117  7:12  SCV  
  117  7:14  Marine  
  118  7:19  SCV  
  118  7:20  Marine  
  121  7:23  Combat Shield  
  121  7:24  SCV  
  121  7:25  Marine x2  
  121  7:26  Supply Depot  
  121  7:27  Marine  
  121  7:28  Siege Tank, Supply Depot  
  123  7:31  Medivac  
  123  7:32  Medivac  
  123  7:34  Marine  
  123  7:35  SCV  
  129  7:38  SCV, Marine  
  130  7:44  Barracks Reactor x2  
  130  7:49  Marine  
  130  7:50  Orbital Command  
  131  7:55  Barracks x3  
  131  7:58  Marine  
  131  7:59  Marine  
  131  8:05  Armory  
  133  8:06  Medivac  
  133  8:07  Medivac  
  137  8:15  Supply Depot  
  137  8:16  Siege Tank, Marine x2  
  137  8:19  SCV  
  143  8:20  SCV  
  143  8:21  Marine x2  
  143  8:22  Marine  
  147  8:28  Orbital Command, Marine  
  147  8:31  Marine  
  147  8:34  Supply Depot, Marine  
  149  8:37  Marine, Medivac  
  149  8:38  Marine  
  149  8:41  Marine x2  
  153  8:43  Medivac  
  153  8:45  Marine  
  153  8:46  Supply Depot  
  157  8:49  Refinery x2  
  157  8:52  Supply Depot  
  157  8:56  Siege Tank, Marine x4  
  157  8:58  Marine  
  165  9:03  Marine  
  165  9:05  Marine  
  165  9:06  Marine x2  
  165  9:07  Marine  
  165  9:08  Medivac  
  153  9:11  Marine  
  153  9:12  Marine  
  153  9:14  Marine x4  
  153  9:16  Marine  
  153  9:21  Marine  
  153  9:23  Marine  
  154  9:25  Marine  
  154  9:26  Marine x2  
  150  9:44  Factory  
Tags
 
Add a new tag
Caveats
  • Supply blocks, unpowered buildings, or Contaminate may cause inaccurate times.
  • Supply counts are checked every 10 seconds.